 Dungeon Crawl Stone Soup version 0.30-a0-782-ge64f9170bb (webtiles) character file.

Game seed: 16103755878067851871

31 etoheto the Chopper (level 3, -5/33 HPs)
             Began as a Minotaur Berserker on Mar 4, 2023.
             Was a Believer of Trog.
             Shot with an arrow by a centaur (10 damage)
             ... on level 4 of the Dungeon.
             The game lasted 00:01:54 (975 turns).

etoheto the Chopper (Minotaur Berserker)             Turns: 975, Time: 00:01:56

Health: -5/33      AC:  2    Str: 23    XL:     3   Next: 7%
Magic:  2/2        EV: 12    Int:  4    God:    Trog [**....]
Gold:   20         SH:  0    Dex:  9    Spells: 2/2 levels left

rFire   . . .      SeeInvis .    a - +0 hand axe
rCold   + . .      Faith    .    (no shield)
rNeg    . . .      Spirit   .    b - +0 animal skin
rPois   .          Reflect  .    (helmet restricted)
rElec   .          Harm     .    (no cloak)
rCorr   .          Rampage  .    (no gloves)
Will    .....                    (no boots)
Stlth   +                        (no amulet)
HPRegen 0.25/turn                I - ring of protection from cold {rC+}
MPRegen 0.08/turn                (no ring)

@: attractive
A: horns 2, retaliatory headbutt
a: Renounce Religion, Berserk, Trog's Hand


You were on level 4 of the Dungeon.
You worshipped Trog.
Trog was pleased with you.
You visited 1 branch of the dungeon, and saw 3 of its levels.

You collected 20 gold pieces.


Innate Abilities, Weirdness & Mutations

You have a pair of horns on your head.
You reflexively headbutt those who attack you in melee.


   Skills:
 + Level 4.1 Fighting
 * Level 4.7 Axes
 - Level 2.4 Armour
 - Level 2.1 Dodging


You had 2 spell levels left.
You didn't know any spells.
Your spell library was empty.

Inventory:

Hand Weapons
 a - a +0 hand axe (weapon)
Missiles
 c - 4 datura-tipped darts (quivered)
 Q - 11 stones
Armour
 b - a +0 animal skin (worn)
Jewellery
 I - a ring of protection from cold (left hand) {rC+}
Scrolls
 d - a scroll of blinking {unknown}
 e - 2 scrolls of magic mapping {unknown}
 f - a scroll of identify {unknown}
 h - a scroll of poison {unknown}
Potions
 i - a potion of degeneration {unknown}

Dungeon Overview and Level Annotations

Branches:
Dungeon (2/15) Zot: 17021

Altars:

###### #....#
#....######..#
####....gS@...#
#.......g##......#
#........# .......
#........# ......c
#.......O##.=.....
#.................
#....$.B.##.......
.#
#...........[..###
B# ######.#######
!.


You could see a centaur, a hobgoblin, a goblin and a ball python.


Message History

The ball python constricts you.
You escape the ball python's grasp.
The ball python attacks as you move away!
The ball python barely misses you. The goblin attacks as you move away!
The goblin barely misses you. The iguana attacks as you move away!
The iguana bites you!
You take 8 damage, and have 22/33 hp.
MASSIVE DAMAGE!!
The goblin attacks as you move away! The goblin hits you with a +0 dagger.
You take 2 damage, and have 20/33 hp.
The iguana attacks as you move away! The iguana bites you.
* * * LOW HITPOINT WARNING * * *
You take 4 damage, and have 16/33 hp.
Unknown command.
The ball python attacks as you move away!
The ball python barely misses you. The ball python misses you.
A centaur comes into view.
The centaur shouts!
The centaur wields a +0 shortbow.
The centaur shoots an arrow.
The arrow hits you!
* * * LOW HITPOINT WARNING * * *
The ball python misses you. The ball python barely misses you.
You hear a shout!
You take 11 damage, and have 5/33 hp.
MASSIVE DAMAGE!!
It was a potion of attraction.
You feel attractive to monsters.
You hear a shout! x2
The centaur shoots an arrow.
The arrow hits you!
You die...

Skill      XL: |  1  2 |
---------------+-------+-----
Axes           | 4 |  4.7
Fighting       | 4 |  4.1
Armour         | |  2.4
Dodging        | |  2.1

Action                     || total
---------------------------++-------
  Melee: Hand axe          ||    44
         Headbutt          ||     7
         Punch             ||     1
    Use: Potion            ||     1
   Stab: Sleeping          ||     1
 Armour: Animal skin       ||    20
  Dodge: Dodged            ||    45

Levels and vault maps discovered:
D:1:      dpeg_arrival_pits, layout_basic, minmay_misc_feat_hallway,
          minmay_stone_trees_medium
D:2:      minmay_roachtagon, layout_loops_corners
D:4:      layout_basic

Notes
Turn   | Place    | Note
-------+----------+-------------------------------------------
     0 | D:1      | etoheto the Minotaur Berserker began the quest for the Orb.
     0 | D:1      | Reached XP level 1. HP: 19/19 MP: 0/0
   215 | D:1      | Reached skill level 4 in Axes
   232 | D:1      | Reached XP level 2. HP: 21/27 MP: 1/1
   372 | D:1      | Reached skill level 4 in Fighting
   556 | D:2      | Identified a ring of magical power
   595 | D:2      | Reached XP level 3. HP: 27/33 MP: 2/2
   598 | D:2      | Reached ** piety under Trog
   599 | D:2      | Identified a ring of protection from cold
   859 | D:2      | Identified a ring of wizardry
   939 | D:2      | You fall into a shaft and drop 2 floors!
   944 | D:4      | Noticed an ogre
   974 | D:4      | Noticed a centaur
   974 | D:4      | HP: 5/33 [centaur/arrow (11)]
   975 | D:4      | Identified a potion of attraction
   975 | D:4      | Shot with an arrow by a centaur

Vanquished Creatures
  A dart slug (D:1)
  3 ball pythons (D:1)
  4 endoplasms (D:1)
  9 giant cockroaches (D:2)
  2 bats (D:1)
  2 goblins
  3 rats (D:1)
24 creatures vanquished.

Table legend: (Time is in decaauts)
 A = Elapsed time spent in this place.
 B = Non-inter-level travel time spent in this place.
 C = Inter-level travel time spent in this place.
 D = Time resting spent in this place.
 E = Time spent auto-exploring this place.
 F = Levels seen in this place.
 G = Mean time per level.
                   A        B        C        D        E       F      G
               +--------+--------+--------+--------+--------+-----+--------+
         Total |    977 |    953 |     24 |      0 |    804 |   3 |  325.7 |
       Dungeon |    977 |    953 |     24 |      0 |    804 |   3 |  325.7 |
               +--------+--------+--------+--------+--------+-----+--------+

Top non-repeatable levels by time:
     D:1: 525 daAuts
     D:2: 417 daAuts
     D:4: 35 daAuts

Table legend:
 A = Kills in this place as a percentage of kills in entire the game.
 B = Kills by you in this place as a percentage of kills by you in the entire game.
 C = Kills by friends in this place as a percentage of kills by friends in the entire game.
 D = Other kills in this place as a percentage of other kills in the entire game.
 E = Experience gained in this place as a percentage of experience gained in the entire game.
 F = Experience gained in this place divided by the number of levels of this place that you have seen.
                   A       B       C       D       E      F
               +-------+-------+-------+-------+-------+----------------------
         Total | 100.0 | 100.0 |   N/A |   N/A | 100.0 |  15.0
       Dungeon | 100.0 | 100.0 |   N/A |   N/A | 100.0 |  15.0
               +-------+-------+-------+-------+-------+----------------------

Table legend:
 A = Non-vault XP
 B = Vault XP
 C = Vault XP percentage of total XP
 D = Non-vault monster count
 E = Vault monster count
 F = Vault count percentage of total count
                 A         B        C        D         E       F
            +---------+---------+-------+---------+---------+-------
      Total |      27 |      18 |  40.0 |      15 |       9 |  37.5
            +---------+---------+-------+---------+---------+-------
        D:1 |      25 |       0 |   0.0 |      14 |       0 |   0.0
        D:2 |       2 |      18 |  90.0 |       1 |       9 |  90.0
            +---------+---------+-------+---------+---------+-------
